 Dungeon Crawl Stone Soup version 0.30.0-20-g3615ddf2f0 (webtiles) character file.

Game seed: 18124510404980193562

979 qw the Chopper (level 8, -1/49 HPs)
             Began as a Gargoyle Fighter on May 30, 2023.
             Slain by Duvessa
             ... wielding a +0 short sword
              (4 damage)
             ... on level 5 of the Dungeon.
             The game lasted 00:02:10 (4881 turns).

qw the Chopper (Gargoyle Fighter)                   Turns: 4881, Time: 00:02:11

Health: -1/49      AC: 19    Str: 22    XL:     8   Next: 17%
Magic:  8/8        EV:  6    Int:  9    God:
Gold:   225        SH:  4    Dex:  9    Spells: 7/7 levels left

rFire   . . .        Y - +0 war axe
rCold   . . .        c - +0 buckler
rNeg    + . .        e - +0 plate armour
rPois   inf          (no helmet)
rElec   +            n - +0 cloak
rCorr   .            i - +0 pair of gloves
SInv    .            (no boots)
Will    .....        (no amulet) Stlth
                     (no ring)
HPRegen 0.28/turn    (no ring)
MPRegen 0.11/turn

%: no passive effects
@: about to teleport
A: sickness immunity, AC +5, negative energy resistance 1, electricity
resistance, torment resistance 1, petrification resistance
a: no special abilities


You were on level 5 of the Dungeon.
You visited 2 branches of the dungeon, and saw 6 of its levels.

You collected 225 gold pieces.


Innate Abilities, Weirdness & Mutations

You are immune to sickness and miasma.
Your stone body is resilient. (AC +5)
You are immune to poison.
You resist negative energy. (rN+)
You are resistant to electric shocks. (rElec)
You are resistant to unholy torment.
You are immune to petrification.


   Skills:
 - Level 5.0 Fighting
 + Level 7.4 Axes
 - Level 4.2 Armour
 - Level 1.2 Dodging
 - Level 3.2 Shields


You had 7 spell levels left.
You didn't know any spells.
Your spell library was empty.

Inventory:

Hand Weapons
 p - a +0 flail
 Y - a +0 war axe (weapon)
Armour
 c - a +0 buckler (worn)
 e - a +0 plate armour (worn)
 i - a +0 pair of gloves (worn)
 n - a +0 cloak (worn)
Scrolls
 a - a scroll of identify
 g - a scroll of teleportation
Potions
 b - a potion of resistance {unknown}
 d - 3 potions of might
 f - 2 potions of curing
 h - a potion of haste
 k - 4 potions of lignification
 l - a potion of berserk rage {unknown}
 m - a potion of invisibility {unknown}

Dungeon Overview and Level Annotations

Branches:
Dungeon (5/15)             Temple (1/1) D:4

Altars:
Cheibriados
Elyvilon
Gozag
Hepliaklqana
Makhleb
Nemelex Xobeh
Ru
Sif Muna
Trog
Uskayaw
Vehumet
Wu Jian
Xom
Zin
The Shining One

Annotations:
D:5 Dowan, Duvessa


Message History

Duvessa is severely wounded.
You miss Dowan. Duvessa hits you but does no damage. Dowan barely misses you.
You closely miss Duvessa.
Duvessa is severely wounded.
You hit Dowan. You block Duvessa's attack. Duvessa hits you but does no damage.
Dowan barely misses you.
You barely miss Duvessa.
Duvessa is severely wounded.
You hit Dowan but do no damage.
Duvessa says, "When magic and the sword combine, nothing stands against them."
Duvessa hits you but does no damage.
Dowan hits you with a +7 dagger of venom.
Duvessa says, "My weaknesses are his strengths!"
Duvessa hits you but does no damage.
You slash Duvessa!
Duvessa is almost dead.
You barely miss Dowan. Duvessa hits you but does no damage.
Dowan barely misses you. Duvessa hits you with a +0 short sword.
You closely miss Duvessa.
Duvessa is almost dead.
You miss Dowan. Duvessa hits you with a +0 short sword.
Dowan says, "My weaknesses are her strengths!"
Dowan hits you with a +7 dagger of venom!
Duvessa hits you with a +0 short sword.
Dowan hits you with a +7 dagger of venom!
4880 ||| READING 2 scrolls of teleportation.
As you read the scroll of teleportation, it crumbles to dust.
You feel strangely unstable. Duvessa closely misses you.
Dowan says, "My weaknesses are her strengths!"
Dowan mumbles some strange words.
Dowan blinks!
You hit Duvessa but do no damage.
Duvessa is almost dead.
Duvessa hits you but does no damage. Duvessa hits you with a +0 short sword.
You die...

.# #...................#####..
.# ##########.#......#.## #..
.# #.###.......# #.# .# #.#
#.......# .##### #.###.......#
.....# ##.#.........# #.#
####.# ##..e.#.......# #..
#.#########.....#.......####..
#............@e.#...(..(.....
###########...ยค.############.
##.........e ###########


You could see Duvessa (fast) and Dowan.

Vanquished Creatures
  Grinder (D:3)
  A black bear (D:4)
  2 ogres
  A centaur (D:4)
  A gnoll sergeant (D:5)
  A scorpion (D:5)
  A howler monkey (D:4)
  An orc priest (D:5)
  Jessica (D:2)
  6 gnolls
  6 adders
  An ufetubus (D:4)
  A worm (D:2)
  A dart slug (D:3)
  11 orcs
  5 ball pythons
  9 endoplasms
  7 giant cockroaches
  7 goblins
  4 hobgoblins
  6 jackals
  4 quokkas
  6 bats
  A frilled lizard (D:1)
  12 kobolds
  8 rats
105 creatures vanquished.

Notes
Turn   | Place    | Note
-------+----------+-------------------------------------------
     0 | D:1      | qw the Gargoyle Fighter began the quest for the Orb.
     0 | D:1      | Reached XP level 1. HP: 14/14 MP: 1/1
     0 | D:1      | 0 ||| qw: Version: 0.2-a-102-g2b76a06
     0 | D:1      | 0 ||| qw: Game counter: 475
     0 | D:1      | 0 ||| qw: Always use a shield: true
     0 | D:1      | 0 ||| qw: God list: Okawaru
     0 | D:1      | 0 ||| qw: Allow faded altars: false
     0 | D:1      | 0 ||| qw: Do Orc after D:15 true
     0 | D:1      | 0 ||| qw: Do second Lair branch before Depths: true
     0 | D:1      | 0 ||| qw: Lair rune preference: random
     0 | D:1      | 0 ||| qw: Plans: Normal, Zot:1-4, Slime:5, God:TSO, Crypt,
                  | Tomb, Pan, Hells, Abyss, Win
     0 | D:1      | 0 ||| PLANNING D:1-11
    51 | D:1      | Reached skill level 2 in Axes
   164 | D:1      | Reached XP level 2. HP: 17/19 MP: 2/2
   401 | D:1      | 401 ||| Stepping ~*~*~tactically~*~*~ (stealth).
   405 | D:1      | 405 ||| FLEEEEING.
   406 | D:1      | 406 ||| FLEEEEING.
   407 | D:1      | 407 ||| FLEEEEING.
   408 | D:1      | 408 ||| FLEEEEING.
   409 | D:1      | 409 ||| FLEEEEING.
   619 | D:1      | Reached skill level 3 in Axes
   663 | D:1      | Reached XP level 3. HP: 23/23 MP: 3/3
   981 | D:1      | 981 ||| DROPPING +0 club.
   982 | D:1      | 982 ||| DROPPING ring of flight.
   983 | D:1      | 983 ||| READING 3 scrolls labelled YSAOSOKETH.
   984 | D:1      | 984 ||| READING scroll labelled ISEMIT PETSAGO.
   985 | D:1      | 985 ||| READING 2 scrolls labelled HOYGU GAFEKH.
   986 | D:1      | 986 ||| READING scroll labelled UMUECR LATWU.
   991 | D:1      | 991 ||| DRINKING 2 sapphire potions.
   992 | D:1      | 992 ||| DRINKING 2 puce potions.
  1021 | D:1      | 1021 ||| DRINKING 2 brown potions.
  1022 | D:1      | 1022 ||| DRINKING potion of curing.
  1022 | D:1      | 1022 ||| (to cure confusion)
  1023 | D:1      | 1023 ||| READING 2 scrolls of identify.
  1023 | D:1      | 1023 ||| IDENTIFYING grey potion
  1024 | D:1      | 1024 ||| DROPPING potion of brilliance.
  1025 | D:1      | 1025 ||| DROPPING potion of ambrosia.
  1026 | D:1      | 1026 ||| DROPPING scroll of immolation.
  1279 | D:2      | 1279 ||| Stepping ~*~*~tactically~*~*~ (hiding).
  1375 | D:2      | Reached XP level 4. HP: 23/28 MP: 4/4
  1420 | D:2      | Noticed Jessica
  1421 | D:2      | 1421 ||| Stepping ~*~*~tactically~*~*~ (hiding).
  1422 | D:2      | 1422 ||| Stepping ~*~*~tactically~*~*~ (hiding).
  1423 | D:2      | 1423 ||| Stepping ~*~*~tactically~*~*~ (hiding).
  1426 | D:2      | 1426 ||| Stepping ~*~*~tactically~*~*~ (hiding).
  1430 | D:2      | Killed Jessica
  1431 | D:2      | Reached skill level 4 in Axes
  1496 | D:2      | 1496 ||| Stepping ~*~*~tactically~*~*~ (stealth).
  2027 | D:2      | 2027 ||| UPGRADING to +0 cloak.
  2032 | D:2      | 2032 ||| READING scroll labelled COWOLAOMPICH.
  2033 | D:2      | 2033 ||| READING scroll labelled SAOM WIPHOLEDGH.
  2034 | D:2      | 2034 ||| READING scroll labelled GAALLU SIESA.
  2057 | D:3      | 2057 ||| STAIRDANCE
  2079 | D:3      | 2079 ||| Stepping ~*~*~tactically~*~*~ (hiding).
  2080 | D:3      | 2080 ||| Stepping ~*~*~tactically~*~*~ (hiding).
  2302 | D:3      | Reached XP level 5. HP: 32/32 MP: 5/5
  2322 | D:3      | Noticed Grinder
  2326 | D:3      | 2326 ||| FLEEEEING.
  2327 | D:3      | 2327 ||| FLEEEEING.
  2327 | D:3      | Paralysed by Grinder for 5 turns
  2334 | D:3      | Paralysed by Grinder for 4 turns
  2344 | D:3      | Paralysed by Grinder for 4 turns
  2348 | D:3      | Killed Grinder
  2349 | D:3      | Reached skill level 6 in Axes
  2349 | D:3      | Reached XP level 6. HP: 12/37 MP: 6/6
  2451 | D:3      | 2451 ||| Stepping ~*~*~tactically~*~*~ (stealth).
  2632 | D:3      | 2632 ||| Stepping ~*~*~tactically~*~*~ (hiding).
  2633 | D:3      | 2633 ||| Stepping ~*~*~tactically~*~*~ (hiding).
  2841 | D:3      | 2841 ||| UPGRADING to +0 plate armour.
  2851 | D:3      | 2851 ||| DROPPING +0 scale mail.
  2852 | D:3      | 2852 ||| UPGRADING to +0 pair of gloves.
  2857 | D:3      | 2857 ||| DROPPING orb of energy.
  2858 | D:3      | 2858 ||| READING 2 scrolls of identify.
  2858 | D:3      | 2858 ||| IDENTIFYING dark potion
  2859 | D:3      | 2859 ||| DROPPING potion of flight.
  2910 | D:4      | 2910 ||| STAIRDANCE
  3050 | D:4      | Found a staircase to the Ecumenical Temple.
  3051 | D:4      | 3051 ||| PLANNING TEMPLE
  3065 | D:4      | Noticed a black bear
  3076 | D:4      | Reached XP level 7. HP: 21/44 MP: 7/7
  3194 | Temple   | Entered the Ecumenical Temple
  3439 | Temple   | 3439 ||| PLANNING D:1-11
  3460 | D:4      | 3460 ||| Stepping ~*~*~tactically~*~*~ (hiding).
  3541 | D:4      | Found a shimmering blue altar of Sif Muna.
  3617 | D:4      | HP: 9/44 [ogre/+0 giant club (6)]
  4119 | D:4      | 4119 ||| READING scroll labelled ZONAEGO LUFOIS.
  4120 | D:4      | 4120 ||| DRINKING 2 pink potions.
  4172 | D:5      | Entered Level 5 of the Dungeon
  4175 | D:5      | 4175 ||| Stepping ~*~*~tactically~*~*~ (hiding).
  4176 | D:5      | 4176 ||| Stepping ~*~*~tactically~*~*~ (hiding).
  4178 | D:5      | 4178 ||| Stepping ~*~*~tactically~*~*~ (hiding).
  4179 | D:5      | 4179 ||| Stepping ~*~*~tactically~*~*~ (hiding).
  4180 | D:5      | 4180 ||| Stepping ~*~*~tactically~*~*~ (hiding).
  4233 | D:5      | Reached skill level 7 in Axes
  4319 | D:5      | HP: 10/44 [gnoll sergeant/+0 spear (6)]
  4320 | D:5      | HP: 3/44 [gnoll/+0 spear[a gnoll sergeant] (5)]
  4322 | D:5      | 4322 ||| DRINKING potion of heal wounds.
  4333 | D:5      | Reached skill level 1 in Dodging
  4333 | D:5      | Reached XP level 8. HP: 24/49 MP: 8/8
  4502 | D:5      | 4502 ||| Stepping ~*~*~tactically~*~*~ (hiding).
  4862 | D:5      | Noticed Duvessa
  4863 | D:5      | Noticed Dowan
  4864 | D:5      | 4864 ||| Stepping ~*~*~tactically~*~*~ (stealth).
  4879 | D:5      | HP: 12/49 [Duvessa/+0 short sword (4)]
  4879 | D:5      | HP: 2/49 [Dowan/+7 dagger of venom (10)]
  4880 | D:5      | 4880 ||| READING 2 scrolls of teleportation.
  4881 | D:5      | Slain by Duvessa

Levels and vault maps discovered:
D:1:      ldierk_walled_garden, layout_loops_corners
D:2:      layout_basic, minmay_misc_feat_hallway, uniq_jessica
D:3:      layout_rooms, st_stairs_4, minmay_misc_feat_alley, grunt_ministairs_3,
          uniq_grinder
D:4:      layout_gridville, old_standard_altar,
          minmay_temple_entry_drinking_statues
D:5:      layout_loops_ring, uniq_duvessa
Temple:   minmay_temple_curvy_branch

Skill      XL: |  1  2  3  4  5  6  7 |
---------------+----------------------+-----
Axes           | 2 3 4 6 7 |  7.4
Fighting       | 4 5 |  5.0
Armour         | 4 |  4.2
Dodging        | 1 |  1.2
Shields        | |  3.2

Action                     |  1- 3 |  4- 6 |  7- 9 || total
---------------------------+-------+-------+-------++-------
  Melee: War axe           |    99 |   132 |   109 ||   340
    Use: Scroll            |     5 |     4 |     2 ||    11
         Potion            |     4 |       |     2 ||     6
 Armour: Scale mail        |    45 |    54 |       ||    99
         Plate armour      |       |    53 |    75 ||   128
  Dodge: Dodged            |    42 |    70 |    33 ||   145
  Block: Buckler           |    19 |    20 |    17 ||    56

Table legend:
 A = Non-vault XP
 B = Vault XP
 C = Vault XP percentage of total XP
 D = Non-vault monster count
 E = Vault monster count
 F = Vault count percentage of total count
                 A         B        C        D         E       F
            +---------+---------+-------+---------+---------+-------
      Total |    1076 |     323 |  23.1 |      99 |       6 |   5.7
            +---------+---------+-------+---------+---------+-------
        D:1 |      49 |       0 |   0.0 |      23 |       0 |   0.0
        D:2 |      45 |      37 |  45.1 |      21 |       1 |   4.5
        D:3 |      74 |     286 |  79.4 |      18 |       5 |  21.7
        D:4 |     478 |       0 |   0.0 |      23 |       0 |   0.0
        D:5 |     430 |       0 |   0.0 |      14 |       0 |   0.0
            +---------+---------+-------+---------+---------+-------
